| TOP OF THE 1ST |
|
Tucson Tarantulas batting - Pitching for Nashville Sounds : RHP Jaime Navarro
|
|
Pitching: RHP Jaime Navarro
|
|
|
Batting: RHB Ray Holbert
|
0-0: Foul Ball, location: 2F 0-1: Foul Ball, location: 2F 0-2: Fly out, F8 (Flyball, 8RD, EV 101.9 MPH)
|
|
Batting: LHB Ray McDavid
|
0-0: Ball 1-0: Ball 2-0: Ball 3-0: Base on Balls
|
|
Batting: SHB Tony Clark
|
0-0: Fielders Choice at 2nd, 3-6 (Groundball, 3, EV 99.4 MPH)
|
|
Batting: RHB Dave McCarty
|
0-0: Foul Ball, location: 2F 0-1: SINGLE (Line Drive, 4MD, EV 105.6 MPH) Tony Clark to second Runner from 2nd tries for 3rd, SAFE, no throw by CF
|
|
Batting: RHB Jack Voigt
|
0-0: Ball 1-0: Called Strike 1-1: Ball 2-1: Ball 3-1: Fly out, F7 (Flyball, 7, EV 88.1 MPH)
|
| Top of the 1st over - 0 runs, 1 hit, 0 errors, 2 left on base; Tucson 0 - Nashville 0 |
| BOTTOM OF THE 1ST |
|
Nashville Sounds batting - Pitching for Tucson Tarantulas : RHP Matt Wagner
|
|
Pitching: RHP Matt Wagner
|
|
|
Batting: RHB Danny Bautista
|
0-0: Bunt - Flyout to 2R! F2
|
|
Batting: LHB Carlos Mendoza
|
0-0: Ball 1-0: Called Strike 1-1: Ball 2-1: Called Strike 2-2: Ball 3-2: Foul Ball, location: 2F 3-2: Strikes out swinging
|
|
Batting: RHB Paul Konerko
|
0-0: Ball 1-0: Ball 2-0: Fly out, F3 (Popup, 3, EV 80.6 MPH)
|
| Bottom of the 1st over - 0 runs, 0 hits, 0 errors, 0 left on base; Tucson 0 - Nashville 0 |
| TOP OF THE 2ND |
|
Tucson Tarantulas batting - Pitching for Nashville Sounds : RHP Jaime Navarro
|
|
Batting: RHB Todd Dunn
|
0-0: Ball 1-0: Ball 2-0: Called Strike 2-1: Ground out 6-3 (Groundball, 6, EV 90.6 MPH)
|
|
Batting: LHB Jorge Fabregas
|
0-0: Ground out 5-3 (Groundball, 5, EV 108.8 MPH)
|
|
Batting: SHB Hanley Frias
|
0-0: Foul Ball, location: 2F 0-1: Ball 1-1: Swinging Strike 1-2: Strikes out swinging
|
| Top of the 2nd over - 0 runs, 0 hits, 0 errors, 0 left on base; Tucson 0 - Nashville 0 |
| BOTTOM OF THE 2ND |
|
Nashville Sounds batting - Pitching for Tucson Tarantulas : RHP Matt Wagner
|
|
Batting: SHB Raul Casanova
|
0-0: Called Strike 0-1: Ball 1-1: Swinging Strike 1-2: Fly out, F9 (Flyball, 89M, EV 73.8 MPH)
|
|
Batting: LHB Larry Sutton
|
0-0: Ball 1-0: Ground out U3 (Groundball, 3, EV 89.4 MPH)
|
|
Batting: LHB Ivan Cruz
|
0-0: Swinging Strike 0-1: Ground out 6-3 (Groundball, 6M, EV 81.3 MPH)
|
| Bottom of the 2nd over - 0 runs, 0 hits, 0 errors, 0 left on base; Tucson 0 - Nashville 0 |
| TOP OF THE 3RD |
|
Tucson Tarantulas batting - Pitching for Nashville Sounds : RHP Jaime Navarro
|
|
Batting: RHB Ralph Milliard
|
0-0: Called Strike 0-1: Ground out 6-3 (Groundball, 56, EV 96.3 MPH)
|
|
Batting: RHB Ray Holbert
|
0-0: Foul Ball, location: 2F 0-1: Ball 1-1: Ball 2-1: Foul Ball, location: 2F 2-2: Ball 3-2: Strikes out swinging
|
|
Batting: LHB Ray McDavid
|
0-0: Foul Ball, location: 2F 0-1: Foul Ball, location: 2F 0-2: Ball 1-2: Foul Ball, location: 2F 1-2: Ball 2-2: Fly out, F9 (Flyball, 9, EV 83.8 MPH)
|
| Top of the 3rd over - 0 runs, 0 hits, 0 errors, 0 left on base; Tucson 0 - Nashville 0 |
| BOTTOM OF THE 3RD |
|
Nashville Sounds batting - Pitching for Tucson Tarantulas : RHP Matt Wagner
|
|
Batting: RHB Adam Riggs
|
0-0: Called Strike 0-1: Foul Ball, location: 2F 0-2: Foul Ball, location: 2F 0-2: Strikes out swinging, 2-3 out at first.
|
|
Batting: SHB Felix Martinez
|
0-0: Called Strike 0-1: Ball 1-1: Called Strike 1-2: Ball 2-2: Ball 3-2: Fly out, F9 (Flyball, 9S, EV 87.5 MPH)
|
|
Batting: RHB Donnell Neal
|
0-0: Swinging Strike 0-1: Ball 1-1: Called Strike 1-2: Ball 2-2: Strikes out swinging
|
| Bottom of the 3rd over - 0 runs, 0 hits, 0 errors, 0 left on base; Tucson 0 - Nashville 0 |
| TOP OF THE 4TH |
|
Tucson Tarantulas batting - Pitching for Nashville Sounds : RHP Jaime Navarro
|
|
Batting: SHB Tony Clark
|
0-0: Ground out 4-3 (Groundball, 4, EV 94.4 MPH)
|
|
Batting: RHB Dave McCarty
|
0-0: Called Strike 0-1: Ball 1-1: Fly out, F7 (Flyball, 7LS, EV 75.0 MPH)
|
|
Batting: RHB Jack Voigt
|
0-0: SINGLE (Flyball, 89M, EV 92.5 MPH)
|
|
Batting: RHB Todd Dunn
|
0-0: Ball 1-0: Called Strike 1-1: Called Strike 1-2: Foul Ball, location: 2F 1-2: Ball 2-2: Fly out, F8 (Flyball, 78XD, EV 95.6 MPH)
|
| Top of the 4th over - 0 runs, 1 hit, 0 errors, 1 left on base; Tucson 0 - Nashville 0 |
| BOTTOM OF THE 4TH |
|
Nashville Sounds batting - Pitching for Tucson Tarantulas : RHP Matt Wagner
|
|
Batting: RHB Danny Bautista
|
0-0: Called Strike 0-1: Ball 1-1: Ball 2-1: SINGLE (Groundball, 4D, EV 101.9 MPH)
|
|
Batting: LHB Carlos Mendoza
|
0-0: Called Strike 0-1: Called Strike 0-2: Fly out, F9 (Flyball, 9LM, EV 85.0 MPH)
|
|
Pitching: RHP Sean Bergman
|
|
|
Batting: RHB Paul Konerko
|
0-0: Foul Ball, location: 2F 0-1: Ball 1-1: Swinging Strike 1-2: Ball 2-2: Fly out, F9 (Flyball, 9LD, EV 85.0 MPH)
|
|
Batting: SHB Raul Casanova
|
0-0: Foul Ball, location: 2F 0-1: Ball 1-1: Called Strike 1-2: Fly out, F7 (Flyball, 7LMF, EV 95.0 MPH)
|
| Bottom of the 4th over - 0 runs, 1 hit, 0 errors, 1 left on base; Tucson 0 - Nashville 0 |
| TOP OF THE 5TH |
|
Tucson Tarantulas batting - Pitching for Nashville Sounds : RHP Jaime Navarro
|
|
Batting: LHB Jorge Fabregas
|
0-0: Ball 1-0: Ball 2-0: Foul Ball, location: 2F 2-1: Foul Ball, location: 2F 2-2: Ground out 4-3 (Groundball, 4, EV 90.0 MPH)
|
|
Batting: SHB Hanley Frias
|
0-0: Called Strike 0-1: Fly out, F6 (Line Drive, 6, EV 74.4 MPH)
|
|
Batting: RHB Ralph Milliard
|
0-0: Called Strike 0-1: Ball 1-1: Ground out 5-3 (Groundball, 56S, EV 68.8 MPH)
|
| Top of the 5th over - 0 runs, 0 hits, 0 errors, 0 left on base; Tucson 0 - Nashville 0 |
| BOTTOM OF THE 5TH |
|
Nashville Sounds batting - Pitching for Tucson Tarantulas : RHP Sean Bergman
|
|
Batting: LHB Larry Sutton
|
0-0: Ball 1-0: Ground out 4-3 (Groundball, 34D, EV 103.1 MPH)
|
|
Batting: LHB Ivan Cruz
|
0-0: Called Strike 0-1: Swinging Strike 0-2: Ball 1-2: Ball 2-2: Fly out, F9 (Flyball, 89S, EV 87.5 MPH)
|
|
Batting: RHB Adam Riggs
|
0-0: Foul Ball, location: 2F 0-1: Foul Ball, location: 2F 0-2: Ball 1-2: SINGLE (Flyball, 8RS, EV 94.4 MPH)
|
|
Batting: SHB Felix Martinez
|
0-0: Called Strike 0-1: Ball 1-1: Ball 2-1: Foul Ball, location: 2F 2-2: Strikes out swinging
|
| Bottom of the 5th over - 0 runs, 1 hit, 0 errors, 1 left on base; Tucson 0 - Nashville 0 |
| TOP OF THE 6TH |
|
Tucson Tarantulas batting - Pitching for Nashville Sounds : RHP Jaime Navarro
|
|
Batting: RHB Ray Holbert
|
0-0: Ball 1-0: Called Strike 1-1: Foul Ball, location: 2F 1-2: Foul Ball, location: 2F 1-2: Ball 2-2: Foul Ball, location: 2F 2-2: Ground out U3 (Groundball, 34S, EV 65.0 MPH)
|
|
Batting: LHB Ray McDavid
|
0-0: Ground out 4-3 (Groundball, 4, EV 105.6 MPH)
|
|
Batting: SHB Tony Clark
|
0-0: Called Strike 0-1: Ball 1-1: SINGLE (Groundball, 56D, EV 100.0 MPH)
|
|
Batting: RHB Dave McCarty
|
0-0: Fly out, F9 (Flyball, 9LS, EV 84.4 MPH)
|
| Top of the 6th over - 0 runs, 1 hit, 0 errors, 1 left on base; Tucson 0 - Nashville 0 |
| BOTTOM OF THE 6TH |
|
Nashville Sounds batting - Pitching for Tucson Tarantulas : RHP Sean Bergman
|
|
Batting: RHB Donnell Neal
|
0-0: Ball 1-0: Called Strike 1-1: Ball 2-1: SINGLE (Groundball, 4MD, EV 99.4 MPH)
|
|
Pitching: RHP James Baldwin
|
|
|
Batting: RHB Danny Bautista
|
0-0: Ball 1-0: Ball 2-0: Ball 3-0: Called Strike 3-1: Grounds into double play, 5-4-3 (Groundball, 5, EV 108.1 MPH)
|
|
Batting: LHB Carlos Mendoza
|
0-0: Called Strike 0-1: Fly out, F7 (Flyball, 78D, EV 105.0 MPH)
|
| Bottom of the 6th over - 0 runs, 1 hit, 0 errors, 0 left on base; Tucson 0 - Nashville 0 |
| TOP OF THE 7TH |
|
Tucson Tarantulas batting - Pitching for Nashville Sounds : RHP Jaime Navarro
|
|
Batting: RHB Jack Voigt
|
0-0: Swinging Strike 0-1: Ball 1-1: Foul Ball, location: 2F 1-2: SINGLE (Line Drive, 9S, EV 101.3 MPH)
|
|
Batting: RHB Todd Dunn
|
0-0: Ball 1-0: Fly out, F7 (Flyball, 7LM, EV 108.8 MPH)
|
|
Batting: LHB Jorge Fabregas
|
0-0: Ball Wild Pitch! Jack Voigt to second 1-0: Foul Ball, location: 2F 1-1: Ball 2-1: Ground out 6-3 (Groundball, 6, EV 81.3 MPH)
|
|
Batting: SHB Hanley Frias
|
0-0: Foul Ball, location: 2F 0-1: Ball 1-1: Ball 2-1: Swinging Strike 2-2: SINGLE (Groundball, 4M, EV 100.0 MPH) (infield hit) Jack Voigt to third
|
|
Batting: RHB Ralph Milliard
|
0-0: Foul Ball, location: 2F 0-1: Ball 1-1: Called Strike 1-2: Foul Ball, location: 2F 1-2: Ground out 5-3 (Groundball, 56S, EV 81.3 MPH)
|
| Top of the 7th over - 0 runs, 2 hits, 0 errors, 2 left on base; Tucson 0 - Nashville 0 |
| BOTTOM OF THE 7TH |
|
Nashville Sounds batting - Pitching for Tucson Tarantulas : RHP James Baldwin
|
|
Batting: RHB Paul Konerko
|
0-0: Ground out 6-3 (Groundball, 6, EV 88.1 MPH)
|
|
Batting: SHB Raul Casanova
|
0-0: Called Strike 0-1: Ball 1-1: Ball 2-1: Ball 3-1: Foul Ball, location: 2F 3-2: Base on Balls
|
|
Batting: LHB Larry Sutton
|
0-0: Ball 1-0: Called Strike 1-1: Swinging Strike 1-2: Ball 2-2: Ball 3-2: Foul Ball, location: 2F 3-2: Foul Ball, location: 2F 3-2: SINGLE (Flyball, 8RS, EV 97.5 MPH) Raul Casanova to second
|
|
Pitching: RHP Calvin Schiraldi
|
|
|
Batting: LHB Ivan Cruz
|
0-0: Called Strike 0-1: Ball 1-1: SINGLE (Flyball, 7LS, EV 86.3 MPH) Raul Casanova to third Larry Sutton to second Runner from 3rd tries for Home, SAFE, throw by LF to home
|
|
Batting: RHB Adam Riggs
|
0-0: Ball 1-0: Ball Wild Pitch! Larry Sutton to third Ivan Cruz to second 2-0: Ball 3-0: Called Strike 3-1: SINGLE (Groundball, 6, EV 88.1 MPH) (infield hit) Larry Sutton scores Ivan Cruz to third
|
|
Batting: SHB Felix Martinez
|
0-0: Called Strike 0-1: Ball 1-1: Swinging Strike 1-2: Foul Ball, location: 2F 1-2: Ball Adam Riggs steals 2nd base 2-2: Foul Ball, location: 2F 2-2: Ball 3-2: Intentional Walk
|
|
Batting: RHB Donnell Neal
|
0-0: Ball 1-0: SINGLE (Groundball, 34D, EV 109.4 MPH) Ivan Cruz scores Adam Riggs to third Felix Martinez to second Runner from 3rd tries for Home, SAFE, throw by RF to home
|
|
Batting: RHB Danny Bautista
|
0-0: Reached on error, E6 (Groundball, 6, EV 86.9 MPH) Felix Martinez to third Donnell Neal to second
|
|
Batting: LHB Carlos Mendoza
|
0-0: Grounds into double play, 6-4-3 (Groundball, 6, EV 85.0 MPH)
|
| Bottom of the 7th over - 4 runs, 4 hits, 1 error, 2 left on base; Tucson 0 - Nashville 4 |
| TOP OF THE 8TH |
|
Tucson Tarantulas batting - Pitching for Nashville Sounds : RHP Jaime Navarro
|
|
Pitching: RHP Mike DeJean
|
|
|
Batting: RHB Ray Holbert
|
0-0: Ball 1-0: Ball 2-0: Ground out 5-3 (Groundball, 56S, EV 82.5 MPH)
|
|
Batting: LHB Ray McDavid
|
0-0: SINGLE (Groundball, 56D, EV 98.8 MPH)
|
|
Batting: SHB Tony Clark
|
0-0: Ball Wild Pitch! Ray McDavid to second 1-0: Foul Ball, location: 2F 1-1: Swinging Strike 1-2: Ball 2-2: Ground out U3 (Groundball, 34S, EV 82.5 MPH) Ray McDavid to third
|
|
Batting: RHB Dave McCarty
|
0-0: Ball 1-0: Ball 2-0: Called Strike 2-1: Ground out 5-3 (Groundball, 5, EV 106.3 MPH)
|
| Top of the 8th over - 0 runs, 1 hit, 0 errors, 1 left on base; Tucson 0 - Nashville 4 |
| BOTTOM OF THE 8TH |
|
Nashville Sounds batting - Pitching for Tucson Tarantulas : RHP Calvin Schiraldi
|
|
Pitching: RHP Rich Loiselle
|
|
|
Batting: RHB Paul Konerko
|
0-0: Ball 1-0: Called Strike 1-1: Swinging Strike 1-2: Hit by Pitch
|
|
Batting: SHB Raul Casanova
|
0-0: Ball 1-0: Swinging Strike 1-1: Ball 2-1: Ball 3-1: Base on Balls Paul Konerko to second
|
|
Batting: LHB Larry Sutton
|
0-0: Called Strike 0-1: Foul Ball, location: 2F 0-2: Ball 1-2: Ball 2-2: Foul Ball, location: 2F 2-2: Foul Ball, location: 2F 2-2: SINGLE (Groundball, 3D, EV 101.3 MPH) Paul Konerko to third Raul Casanova to second
|
|
Batting: LHB Ivan Cruz
|
0-0: SINGLE (Groundball, 34D, EV 106.9 MPH) Paul Konerko scores Raul Casanova to third Larry Sutton to second
|
|
Batting: RHB Adam Riggs
|
0-0: Swinging Strike 0-1: Foul Ball, location: 9LSF, Error on foul ball, E9 0-2: Ball 1-2: SINGLE (Line Drive, 34D, EV 96.9 MPH) Raul Casanova scores Larry Sutton to third Ivan Cruz to second Runner from 3rd tries for Home, SAFE, no throw by RF
|
|
Pitching: RHP Tim VanEgmond
|
|
|
Batting: SHB Felix Martinez
|
0-0: Ball 1-0: Foul Ball, location: 2F 1-1: Called Strike 1-2: Grounds into double play, 4-6-3 (Groundball, 4, EV 95.0 MPH) Ivan Cruz to third
|
|
Batting: RHB Donnell Neal
|
0-0: DOUBLE (Flyball, 8RXD, EV 90.6 MPH) Ivan Cruz scores
|
|
Batting: RHB Danny Bautista
|
0-0: Ball 1-0: Called Strike 1-1: Ball 2-1: Ball 3-1: Base on Balls
|
|
Batting: LHB Carlos Mendoza
|
0-0: Ball 1-0: Ball 2-0: Ball 3-0: Called Strike 3-1: Foul Ball, location: 2F 3-2: Base on Balls Donnell Neal to third Danny Bautista to second
|
|
Batting: RHB Paul Konerko
|
0-0: Ball 1-0: Foul Ball, location: 2F 1-1: Ball 2-1: Ball 3-1: Base on Balls Donnell Neal scores Danny Bautista to third Carlos Mendoza to second
|
|
Pitching: RHP Jeff Shaw
|
|
|
Batting: SHB Raul Casanova
|
0-0: Ball 1-0: Called Strike 1-1: Ball 2-1: Foul Ball, location: 2F 2-2: Foul Ball, location: 2F 2-2: Foul Ball, location: 2F 2-2: SINGLE (Flyball, 7S, EV 91.3 MPH) Danny Bautista scores Carlos Mendoza to third Paul Konerko to second Runner from 3rd tries for Home, SAFE, throw by LF to home
|
|
Batting: LHB Larry Sutton
|
0-0: Foul Ball, location: 2F 0-1: Ball 1-1: Ball Wild Pitch! Paul Konerko to third Raul Casanova to second 2-1: Ball 3-1: DOUBLE (Groundball, 3L, EV 100.0 MPH) Paul Konerko scores Raul Casanova scores
|
|
Pinch Hitting: LHB Ken Ramos
|
0-0: Ball 1-0: Ball 2-0: Ball 3-0: Base on Balls
|
|
Batting: RHB Adam Riggs
|
0-0: Fly out, F9 (Flyball, 9S, EV 90.0 MPH)
|
| Bottom of the 8th over - 9 runs, 6 hits, 1 error, 2 left on base; Tucson 0 - Nashville 13 |
| TOP OF THE 9TH |
|
Tucson Tarantulas batting - Pitching for Nashville Sounds : RHP Mike DeJean
|
|
Now in RF: Ken Ramos
|
|
|
Batting: RHB Jack Voigt
|
0-0: Swinging Strike 0-1: SINGLE (Groundball, 34D, EV 101.9 MPH) (infield hit)
|
|
Batting: RHB Todd Dunn
|
0-0: Ball 1-0: Called Strike 1-1: Swinging Strike 1-2: Ball 2-2: Strikes out looking
|
|
Batting: LHB Jorge Fabregas
|
0-0: Ground out 4-3 (Groundball, 4, EV 78.8 MPH) Jack Voigt to second
|
|
Batting: SHB Hanley Frias
|
0-0: Ball 1-0: Called Strike 1-1: Foul Ball, location: 2F 1-2: DOUBLE (Flyball, 8LD, EV 100.6 MPH) Jack Voigt scores
|
|
Batting: RHB Ralph Milliard
|
0-0: Swinging Strike 0-1: Foul Ball, location: 2F 0-2: Foul Ball, location: 2F 0-2: Strikes out swinging
|
| Top of the 9th over - 1 run, 2 hits, 0 errors, 1 left on base; Tucson 1 - Nashville 13 |
|